[ AOE2 MATCH · #505728990 ]
UnrankedMagyars vs Burmese
Player's team · WIN
Rival team · LOSS
[ REPLAY ANALYSIS · EXTRACTED FROM THE RECORDED GAME ]
Feudal
8:26
Castle
22:07
Imperial
37:40
| APM avg | 61.3 |
| APM peak | 118 |
| eAPM avg | 22.7 |
| Villagers / military | 137 / 65 |
Focus
⚔️ 32.0% · 🌾 68.0%
Cavalry Archer ×31 · Archer ×10 · Knight ×8 · Skirmisher ×6 · Scout Cavalry ×6 · Monk ×2
Feudal
8:51
Castle
20:27
Imperial
37:12
| APM avg | 74.6 |
| APM peak | 132 |
| eAPM avg | 38.2 |
| Villagers / military | 147 / 87 |
Focus
⚔️ 51.8% · 🌾 48.2%
Knight ×50 · Skirmisher ×13 · Spearman ×7 · Militia ×6 · Monk ×4 · Trebuchet (Packed) ×4
Match map
Initial resources + every placement click. Lines = walls · curves = elevation contours. ◆ gold · ⬟ stone · ● berries · ✦ relic · ◌ wall gap
Your base· Open — 1t gap
Kirtap's base· Open — 3t gap
Smoothed initial terrain · ◌ = detected wall gap · hover for details
Inputs per minute
— Mattroid 99 - - Kirtap
Build order — Mattroid 99
First 150 of 344 actions detected
| 0:00 | Queue | Villager (Male) ×4 |
| 0:01 | Build | House |
| 0:03 | Build | House |
| 1:26 | Queue | Villager (Male) |
| 1:50 | Build | Lumber Camp |
| 1:52 | Queue | Villager (Male) |
| 2:27 | Queue | Villager (Male) |
| 2:50 | Queue | Villager (Male) |
| 2:50 | Queue | Villager (Male) |
| 3:09 | Queue | Villager (Male) |
| 3:46 | Queue | Villager (Male) ×3 |
| 3:47 | Queue | Villager (Male) ×3 |
| 3:50 | Build | House |
| 3:50 | Build | House |
| 4:53 | Queue | Villager (Male) |
| 4:53 | Queue | Villager (Male) |
| 4:54 | Queue | Villager (Male) |
| 4:59 | Build | Mill |
| 5:35 | Research | Loom |
| 6:12 | Research | Feudal Age |
| 7:08 | Build | Palisade Wall |
| 7:09 | Build | Palisade Wall |
| 7:11 | Build | Palisade Wall |
| 7:12 | Build | Palisade Wall |
| 7:18 | Build | Palisade Wall |
| 7:20 | Build | Palisade Wall |
| 7:21 | Build | Palisade Wall |
| 7:22 | Build | Palisade Wall |
| 7:31 | Build | Barracks |
| 8:26 | Age | Feudal Age |
| 8:30 | Queue | Villager (Male) |
| 8:32 | Build | Stable |
| 8:52 | Queue | Villager (Male) |
| 8:53 | Research | Double-Bit Axe |
| 9:12 | Queue | Scout Cavalry |
| 9:12 | Queue | Scout Cavalry |
| 9:14 | Build | House |
| 9:28 | Queue | Villager (Male) |
| 9:48 | Build | Farm |
| 9:49 | Build | Farm |
| 9:50 | Queue | Villager (Male) |
| 9:52 | Queue | Scout Cavalry |
| 10:13 | Queue | Villager (Male) |
| 10:33 | Queue | Scout Cavalry |
| 10:52 | Build | Archery Range |
| 10:54 | Queue | Villager (Male) |
| 10:56 | Queue | Scout Cavalry |
| 10:59 | Build | House |
| 11:05 | Queue | Villager (Male) |
| 11:12 | Queue | Spearman |
| 11:47 | Queue | Skirmisher |
| 11:48 | Queue | Skirmisher |
| 11:54 | Queue | Villager (Male) |
| 11:56 | Build | House |
| 11:57 | Queue | Skirmisher |
| 12:02 | Build | Farm |
| 12:17 | Queue | Villager (Male) |
| 12:33 | Build | Farm |
| 12:34 | Build | Farm |
| 12:37 | Queue | Villager (Male) |
| 12:57 | Build | Farm |
| 13:17 | Queue | Villager (Male) |
| 13:17 | Queue | Villager (Male) |
| 13:24 | Build | House |
| 13:31 | Build | Blacksmith |
| 13:37 | Queue | Villager (Male) |
| 13:45 | Queue | Skirmisher |
| 13:55 | Queue | Skirmisher |
| 14:14 | Build | Mining Camp |
| 14:20 | Research | Fletching |
| 14:26 | Build | House |
| 14:27 | Build | House |
| 14:39 | Queue | Skirmisher |
| 14:57 | Build | Watch Tower |
| 15:05 | Build | Farm |
| 15:06 | Build | Farm |
| 15:13 | Queue | Villager (Male) |
| 15:14 | Queue | Villager (Male) |
| 15:21 | Queue | Villager (Male) |
| 15:26 | Build | Farm |
| 15:35 | Research | Town Watch |
| 15:54 | Queue | Villager (Male) |
| 15:59 | Queue | Scout Cavalry |
| 16:29 | Queue | Villager (Male) |
| 16:37 | Build | Archery Range |
| 16:44 | Queue | Archer |
| 16:46 | Queue | Villager (Male) |
| 17:05 | Build | Farm |
| 17:06 | Build | Farm |
| 17:17 | Queue | Villager (Male) |
| 17:21 | Queue | Archer |
| 17:41 | Build | Palisade Wall |
| 17:42 | Build | Palisade Wall |
| 17:46 | Queue | Villager (Male) |
| 17:47 | Queue | Archer |
| 18:09 | Queue | Villager (Male) |
| 18:23 | Queue | Archer |
| 18:28 | Build | House |
| 18:37 | Build | House |
| 19:02 | Queue | Villager (Male) |
| 19:21 | Research | Castle Age |
| 19:28 | Build | Farm |
| 20:00 | Queue | Archer |
| 20:00 | Queue | Archer |
| 20:03 | Research | Horse Collar |
| 20:04 | Research | Gold Mining |
| 20:58 | Queue | Archer |
| 20:59 | Queue | Archer |
| 21:43 | Queue | Archer |
| 21:43 | Queue | Archer |
| 21:48 | Research | Bloodlines |
| 21:50 | Queue | Villager (Male) |
| 21:55 | Build | Market |
| 22:01 | Build | Lumber Camp |
| 22:07 | Age | Castle Age |
| 22:10 | Research | Bodkin Arrow |
| 22:10 | Research | Light Cavalry (upgrade) |
| 22:13 | Research | Crossbowman (upgrade) |
| 22:29 | Queue | Cavalry Archer |
| 22:43 | Queue | Villager (Male) |
| 23:06 | Build | Town Center |
| 23:13 | Queue | Villager (Male) |
| 23:16 | Research | Bow Saw |
| 23:18 | Queue | Villager (Male) |
| 23:26 | Build | Farm |
| 23:28 | Queue | Villager (Male) |
| 23:30 | Queue | Cavalry Archer |
| 23:52 | Queue | Cavalry Archer |
| 23:53 | Queue | Villager (Male) |
| 23:56 | Build | Farm |
| 24:05 | Queue | Cavalry Archer |
| 24:16 | Build | House |
| 24:17 | Build | House |
| 24:18 | Build | House |
| 24:29 | Queue | Cavalry Archer |
| 24:33 | Queue | Villager (Male) |
| 24:43 | Queue | Cavalry Archer |
| 24:43 | Queue | Cavalry Archer |
| 24:54 | Research | Husbandry |
| 24:54 | Queue | Villager (Male) |
| 24:56 | Queue | Villager (Male) |
| 25:16 | Queue | Villager (Male) |
| 25:16 | Queue | Villager (Male) |
| 25:23 | Queue | Cavalry Archer |
| 25:24 | Queue | Cavalry Archer |
| 25:35 | Build | Monastery |
| 26:11 | Queue | Villager (Male) |
| 26:12 | Queue | Villager (Male) |
| 26:12 | Queue | Villager (Male) |
| 26:20 | Queue | Cavalry Archer |
Build order — Kirtap
First 150 of 409 actions detected
| 0:00 | Queue | Villager (Male) |
| 0:02 | Build | House |
| 0:03 | Build | House |
| 0:03 | Queue | Villager (Male) |
| 0:13 | Queue | Villager (Male) |
| 0:13 | Queue | Villager (Male) |
| 1:26 | Queue | Villager (Male) |
| 1:48 | Build | Lumber Camp |
| 1:51 | Queue | Villager (Male) |
| 2:23 | Queue | Villager (Male) |
| 2:41 | Queue | Villager (Male) |
| 2:44 | Queue | Villager (Male) |
| 3:07 | Queue | Villager (Male) |
| 3:31 | Queue | Villager (Male) |
| 3:52 | Build | House |
| 3:53 | Build | House |
| 4:14 | Queue | Villager (Male) |
| 4:21 | Queue | Villager (Male) |
| 4:24 | Queue | Villager (Male) |
| 5:15 | Queue | Villager (Male) |
| 5:29 | Build | Barracks |
| 5:33 | Queue | Villager (Male) |
| 6:11 | Research | Loom |
| 6:27 | Research | Feudal Age |
| 6:27 | Research | Feudal Age |
| 6:39 | Queue | Militia |
| 6:48 | Build | Mining Camp |
| 6:56 | Queue | Militia |
| 6:56 | Queue | Militia |
| 7:02 | Build | House |
| 7:16 | Build | Palisade Wall |
| 7:17 | Build | Palisade Wall |
| 7:18 | Build | Palisade Wall |
| 7:30 | Queue | Militia |
| 7:36 | Build | House |
| 7:56 | Queue | Villager (Male) |
| 8:05 | Build | Mill |
| 8:31 | Build | Palisade Wall |
| 8:32 | Build | Palisade Wall |
| 8:33 | Build | Palisade Wall |
| 8:34 | Build | Palisade Wall |
| 8:36 | Build | Palisade Wall |
| 8:38 | Build | Palisade Wall |
| 8:51 | Age | Feudal Age |
| 8:51 | Research | Man-at-Arms (upgrade) |
| 8:52 | Research | Man-at-Arms (upgrade) |
| 9:02 | Queue | Villager (Male) |
| 9:11 | Queue | Spearman |
| 9:35 | Queue | Villager (Male) |
| 9:39 | Build | Archery Range |
| 9:42 | Queue | Villager (Male) |
| 9:51 | Queue | Villager (Male) |
| 10:06 | Queue | Villager (Male) |
| 10:29 | Queue | Spearman |
| 10:31 | Queue | Villager (Male) |
| 10:44 | Queue | Spearman |
| 10:48 | Build | Farm |
| 10:54 | Build | Farm |
| 11:03 | Queue | Villager (Male) |
| 11:08 | Build | Farm |
| 11:12 | Queue | Villager (Male) |
| 11:34 | Queue | Villager (Male) |
| 11:36 | Build | Farm |
| 11:37 | Queue | Skirmisher |
| 11:55 | Build | House |
| 12:00 | Research | Arson |
| 12:00 | Research | Arson |
| 12:10 | Queue | Spearman |
| 12:15 | Build | Farm |
| 12:30 | Queue | Villager (Male) |
| 12:34 | Build | Farm |
| 12:38 | Build | Farm |
| 12:41 | Queue | Spearman |
| 12:41 | Queue | Spearman |
| 13:01 | Queue | Spearman |
| 13:18 | Queue | Villager (Male) |
| 13:25 | Queue | Skirmisher |
| 13:30 | Build | Blacksmith |
| 13:43 | Queue | Militia |
| 13:44 | Queue | Villager (Male) |
| 13:56 | Build | House |
| 14:01 | Build | Farm |
| 14:07 | Queue | Militia |
| 14:18 | Queue | Villager (Male) |
| 14:22 | Research | Scale Mail Armor |
| 14:38 | Build | Market |
| 14:57 | Queue | Villager (Male) |
| 15:05 | Build | House |
| 15:05 | Build | House |
| 15:12 | Queue | Villager (Male) |
| 15:24 | Build | House |
| 15:24 | Build | House |
| 15:36 | Build | Farm |
| 15:47 | Build | Farm |
| 15:57 | Build | Palisade Wall |
| 15:57 | Build | Palisade Wall |
| 16:03 | Queue | Villager (Male) |
| 16:30 | Queue | Villager (Male) |
| 16:48 | Queue | Villager (Male) |
| 16:58 | Build | Farm |
| 16:59 | Build | Farm |
| 17:05 | Build | House |
| 17:09 | Build | Palisade Wall |
| 17:12 | Build | Palisade Wall |
| 17:47 | Research | Castle Age |
| 18:17 | Build | Stable |
| 18:53 | Research | Scale Barding Armor |
| 18:59 | Queue | Villager (Male) |
| 20:27 | Age | Castle Age |
| 20:30 | Build | Town Center |
| 20:33 | Queue | Villager (Male) |
| 20:46 | Queue | Villager (Male) |
| 20:55 | Queue | Villager (Male) |
| 21:01 | Build | Palisade Wall |
| 21:02 | Build | Palisade Gate |
| 21:12 | Queue | Villager (Male) |
| 21:22 | Queue | Villager (Male) |
| 21:24 | Queue | Villager (Male) |
| 21:25 | Build | Monastery |
| 21:26 | Queue | Villager (Male) |
| 21:34 | Queue | Villager (Male) |
| 21:36 | Build | Town Center |
| 21:43 | Queue | Knight |
| 21:54 | Build | Farm |
| 21:57 | Build | Farm |
| 21:57 | Build | Farm |
| 22:04 | Queue | Villager (Male) |
| 22:05 | Queue | Villager (Male) |
| 22:07 | Queue | Monk |
| 22:16 | Build | Mining Camp |
| 22:22 | Queue | Villager (Male) |
| 22:26 | Build | Lumber Camp |
| 22:36 | Queue | Monk |
| 22:42 | Queue | Villager (Male) |
| 22:47 | Research | Wheelbarrow |
| 22:48 | Queue | Villager (Male) |
| 22:57 | Queue | Villager (Male) |
| 23:01 | Build | Siege Workshop |
| 23:12 | Queue | Villager (Male) |
| 23:17 | Queue | Villager (Male) |
| 23:21 | Build | Farm |
| 23:22 | Build | Farm |
| 23:24 | Build | Farm |
| 23:30 | Research | Fervor |
| 23:36 | Queue | Villager (Male) |
| 23:36 | Queue | Villager (Male) |
| 23:41 | Queue | Mangonel |
| 23:42 | Queue | Mangonel |
| 23:54 | Queue | Villager (Male) |
| 23:56 | Build | Outpost |
Match timeline
| 5:29 | Kirtap · first_building Barracks |
| 7:08 | Mattroid 99 · wall_segment Palisade Wall x1 |
| 7:09 | Mattroid 99 · wall_segment Palisade Wall x1 |
| 7:11 | Mattroid 99 · wall_segment Palisade Wall x1 |
| 7:12 | Mattroid 99 · wall_segment Palisade Wall x1 |
| 7:16 | Kirtap · wall_segment Palisade Wall x1 |
| 7:17 | Kirtap · wall_segment Palisade Wall x1 |
| 7:18 | Kirtap · wall_segment Palisade Wall x1 |
| 7:18 | Mattroid 99 · wall_segment Palisade Wall x1 |
| 7:20 | Mattroid 99 · wall_segment Palisade Wall x1 |
| 7:21 | Mattroid 99 · wall_segment Palisade Wall x1 |
| 7:22 | Mattroid 99 · wall_segment Palisade Wall x1 |
| 7:31 | Mattroid 99 · first_building Barracks |
| 8:26 | Mattroid 99 · age_up feudal |
| 8:31 | Kirtap · wall_segment Palisade Wall x1 |
| 8:32 | Mattroid 99 · first_building Stable |
| 8:32 | Kirtap · wall_segment Palisade Wall x1 |
| 8:33 | Kirtap · wall_segment Palisade Wall x1 |
| 8:34 | Kirtap · wall_segment Palisade Wall x1 |
| 8:36 | Kirtap · wall_segment Palisade Wall x1 |
| 8:38 | Kirtap · wall_segment Palisade Wall x1 |
| 8:51 | Kirtap · age_up feudal |
| 9:39 | Kirtap · first_building Archery Range |
| 10:52 | Mattroid 99 · first_building Archery Range |
| 15:41 | Kirtap · first_market_buy 100 food |
| 15:57 | Kirtap · wall_segment Palisade Wall x1 |
| 15:57 | Kirtap · wall_segment Palisade Wall x1 |
| 17:09 | Kirtap · wall_segment Palisade Wall x6 |
| 17:12 | Kirtap · wall_segment Palisade Wall x9 |
| 17:41 | Mattroid 99 · wall_segment Palisade Wall x1 |
| 17:42 | Mattroid 99 · wall_segment Palisade Wall x1 |
| 18:17 | Kirtap · first_building Stable |
| 20:27 | Kirtap · age_up castle |
| 21:01 | Kirtap · wall_segment Palisade Wall x1 |
| 21:25 | Kirtap · first_building Monastery |
| 22:07 | Mattroid 99 · age_up castle |
| 22:41 | Mattroid 99 · first_market_sell 100 wood |
| 23:01 | Kirtap · first_building Siege Workshop |
| 23:03 | Mattroid 99 · first_market_buy 100 stone |
| 25:35 | Mattroid 99 · first_building Monastery |
| 33:28 | Kirtap · first_building Castle |
| 34:50 | Kirtap · wall_segment Stone Wall x9 |
| 34:53 | Kirtap · wall_segment Stone Wall x10 |
| 35:38 | Mattroid 99 · first_building Castle |
| 35:41 | Kirtap · wall_segment Stone Wall x8 |
| 37:12 | Kirtap · age_up imperial |
| 37:40 | Mattroid 99 · age_up imperial |
| 40:19 | Kirtap · wall_segment Stone Wall x5 |
| 40:34 | Kirtap · resign |
[ AI ANALYSIS · 1 CREDIT ]
What really happened in this match?
Wolo.gg analyzes every decision: build order, eco, micro, common mistakes by bracket. Personalized analysis on WhatsApp or Discord in 30 seconds.
Civ guide
Magyars
Perfil
Jugador #11475973